 Dungeon Crawl Stone Soup version 0.21-a0-85-ga0cb861 (webtiles) character file.

81839 Gorglomux the Severer (level 15, -5/144 HPs)
             Began as a Minotaur Fighter on June 25, 2017.
             Was an Initiate of Gozag.
             Killed by divine providence
             ... invoked by a daeva
              (16 damage)
             ... on level 2 of the Abyss.
             The game lasted 01:02:13 (22482 turns).

Gorglomux the Severer (Minotaur Fighter)           Turns: 22482, Time: 01:02:14

Health: -5/144     AC: 20    Str: 25    XL:     15   Next: 27%
Magic:  14/14      EV: 13    Int:  5    God:    Gozag
Gold:   2533       SH: 20    Dex: 15    Spells: 14/14 levels left

rFire    . . .     SeeInvis .   a - +3 broad axe (flame)
rCold    . . .     Gourm    +   G - +0 large shield
rNeg     . . .     Faith    .   w - quicksilver dragon scales of Beogh's Envy {+Inv rElec MR+ Str-2 Dex+2}
rPois    +         Spirit   .   (helmet restricted)
rElec    +         Reflect  .   N - +0 cloak
rCorr    +         Harm     .   (no gloves)
MR       ++...                  r - +2 pair of boots
Stlth    +.........             X - amulet "Pistraes" {Gourm rPois Dex-2 Slay+2}
HPRegen  0.34/turn              y - +2 ring of slaying (curse)
MPRegen  0.14/turn              g - ring of resist corrosion

@: agile, about to teleport, gold aura, flying, very slightly contaminated,
glowing, invisible (but backlit and visible)
A: retaliatory headbutt, horns 2
a: Potion Petition, Call Merchant, Bribe Branch, Renounce Religion


You were on level 2 of the Abyss.
You worshipped Gozag.
Gozag was most pleased with you.
You were very hungry.

You visited 2 branches of the dungeon, and saw 20 of its levels.
You visited the Abyss 1 time.
You also visited: Labyrinth and Bailey.

You collected 7724 gold pieces.
You spent 1492 gold pieces at shops.
You paid 3699 gold pieces to Gozag.

Inventory:

Hand Weapons
 a - a +3 broad axe of flaming (weapon)
Missiles
 j - 25 tomahawks (quivered)
 Z - 3 throwing nets
Armour
 r - a +2 pair of boots (worn)
 w - the quicksilver dragon scales of Beogh's Envy (worn) {+Inv rElec MR+ Str-2 Dex+2}
   (You found it on level 4 of the Dungeon)

   It affects your strength (-2).
   It affects your dexterity (+2).
   It insulates you from electricity.
   It affects your resistance to hostile enchantments.
   It lets you turn invisible.
 G - a +0 large shield (worn)
 N - a +0 cloak (worn)
Jewellery
 c - an uncursed ring of protection from cold
 f - an uncursed ring of protection from fire
 g - a ring of resist corrosion (right hand)
 m - an uncursed ring of protection from magic
 y - a cursed +2 ring of slaying (left hand)
 X - the amulet "Pistraes" (around neck) {Gourm rPois Dex-2 Slay+2}
   (You bought it in a shop on level 11 of the Dungeon)

   [amulet of the gourmand]

   It allows you to eat raw meat even when not hungry.
   It affects your dexterity (-2).
   It affects your accuracy and damage with ranged weapons and melee attacks
   (+2).
   It protects you from poison.
Wands
 l - a wand of iceblast (5/15)
 s - a wand of acid (7/15)
 A - a wand of acid (6/15)
 C - a wand of confusion (11/48)
 D - a wand of digging (7/24)
 I - a wand of iceblast (9/15)
 O - a wand of digging (12/24)
 S - a wand of scattershot (3/9)
Scrolls
 e - 2 scrolls of fear
 p - 3 scrolls of immolation
 v - 2 scrolls of recharging
 F - 6 scrolls of remove curse
 H - a scroll of enchant armour
 M - a scroll of magic mapping
 T - 10 scrolls of teleportation
Potions
 d - a potion of cancellation
 i - a potion of resistance
 k - 7 potions of flight
 o - a potion of invisibility
 t - 2 potions of agility
 u - 2 potions of heal wounds
 x - 4 potions of lignification
 E - a potion of haste
 J - 2 potions of might
 K - 3 potions of magic
 P - 2 potions of ambrosia
 Q - 2 potions of curing
 W - 2 potions of mutation {!q}
Miscellaneous
 U - a box of beasts
 V - a phantom mirror
 Y - a lamp of fire
Comestibles
 n - 2 fruits
 z - 23 meat rations
 L - 8 bread rations
 R - 6 royal jellies


   Skills:
 + Level 16.2 Fighting
 - Level 18.8 Axes
 + Level 14.2 Armour
 + Level 14.2 Shields


You had 14 spell levels left.
You didn't know any spells.

Dungeon Overview and Level Annotations

Branches:
Dungeon (14/15)            Temple (0/1) D:7            Lair (6/6) D:11
  Swamp (0/4) Lair:2        Snake (0/4) Lair:4        Slime (0/5) Lair:6
    Orc (0/2) D:9          Vaults (0/5) D:13

Altars:
Ashenzari
Cheibriados
Gozag
Makhleb
Nemelex Xobeh
Okawaru
Trog
Xom

Shops:
D:5 (   D:11 [[*=[   D:14 }


Innate Abilities, Weirdness & Mutations

You reflexively headbutt those who attack you in melee.
You have a pair of horns on your head.


Message History

You are engulfed in a cloud of scalding steam.
* * * LOW HITPOINT WARNING * * *
The efreet is no longer distracted by gold.
The daeva hits you but does no damage. The daeva misses you.
The smoke demon is distracted by the nearby gold.
The smoke demon roars!
Unknown command.
You are engulfed in a cloud of scalding steam.
* * * LOW HITPOINT WARNING * * *
The daeva is distracted by the nearby gold.
Unknown command.
You are engulfed in a cloud of scalding steam.
The daeva is no longer distracted by gold.
The daeva calls down the wrath of the Shining One upon you.
The Shining One smites you!
* * * LOW HITPOINT WARNING * * *
The daeva calls down the wrath of the Shining One upon you.
The Shining One smites you!
You die...
Your body crumbles into a pile of gold.

...#[#§§$# .$#$#A
#[.$###### . ##
#R#$....# ...
#Z..#A.$...# .....
##G##3$## ... ..##
#A.# .#.. . #..###
#. .. # #@#≈≈##
###. ####⌠..# .#
#....# .#..∩....#
##........⌠........
... ...≈..... ..
... #.## .#..... #
...#. . .. .#..
..#....# .. #......
# .. . #... . ..#


You could see 2 daevas, a smoke demon and an efreet.

Vanquished Creatures
  Snorg (D:12)
  A minotaur (Lab)
  Josephine (D:10)
  Harold (Lair:4)
  A vault guard (D:13)
  Erica (D:11)
  5 two-headed ogres
  4 centaur warriors
  5 hydras
  The ghost of melvinkitnick the Severer, a novice HOFi of the Shining One (D:8)
  4 death yaks
  A tengu warrior (D:13)
  3 thrashing horrors (Abyss:2)
  Urug (D:11)
  Nergalle (D:10)
  A glowing orange brain (Abyss:2)
  Pikel (D:9)
  A necromancer (Lair:6)
  A deep elf mage (D:13)
  2 wolf spiders (Lair:6)
  A wolf spider zombie (D:10)
  An oklob plant (Lair:5)
  A cyclops (D:11)
  2 manticores
  An elephant (Lair:3)
  A guardian serpent (Lair:6)
  A smoke demon (Abyss:2)
  9 black mambas
  16 spiny frogs
  A torpor snail (Lair:2)
  A spiny frog (shapeshifter) (D:13)
  2 rime drakes
  4 komodo dragons
  A tengu conjurer (D:13)
  A minotaur zombie (Lab)
  2 meliai (D:14)
  15 polar bears
  2 hornets (Lair:6)
  4 trolls
  Grinder (D:5)
  15 hippogriffs
  5 raiju (Lair:6)
  7 dream sheep
  16 blink frogs
  11 slime creatures
  A large abomination (Abyss:2)
  4 redbacks (Lair:6)
  Sigmund (D:2)
  5 wraiths
  10 wyverns
  45 yaks
  A human (D:7)
  A golden eye (Abyss:2)
  A hungry ghost (D:7)
  Grum (D:10)
  4 basilisks
  2 hogs (D:7)
  8 vampire mosquitoes
  Menkaure (D:6)
  4 wargs (Lair:6)
  A naga (Lair:4)
  12 hell hounds (Lair:6)
  An acid dragon (D:13)
  22 water moccasins
  7 porcupines
  21 black bears
  5 sky beasts
  A slave (D:9)
  7 ogres
  21 orc warriors
  2 eyes of draining
  4 ice beasts
  25 wolves
  A phantom (D:7)
  15 centaurs
  10 crocodiles
  6 big kobolds
  11 bullfrogs
  5 gnoll sergeants (D:9)
  A wyvern zombie (D:12)
  3 scorpions
  8 killer bees
  3 howler monkeys (D:12)
  3 wights (D:8)
  2 centaur zombies
  6 crimson imps
  A bullfrog zombie (D:11)
  A quasit (D:9)
  12 hounds
  14 orc priests
  4 centaur skeletons
  5 jellies
  14 orc wizards
  3 bullfrog skeletons
  Jessica (D:2)
  2 iguanas
  A polar bear simulacrum (Lair:6)
  9 worker ants
  2 killer bee zombies
  6 yak simulacra (Lair:6)
  3 wolf simulacra (Lair:6)
  2 hound zombies
  A howler monkey zombie (D:7)
  6 gnolls
  A howler monkey skeleton (D:11)
  11 adders
  2 shadow imps (D:5)
  2 adder zombies
  3 adder skeletons
  6 worms
  3 dart slugs
  A leopard gecko (D:6)
  58 orcs
  3 ball pythons
  5 bats
  2 giant cockroaches
  8 goblins
  14 hobgoblins
  10 jackals
  6 quokkas
  7 frilled lizards
  25 kobolds
  A leopard gecko skeleton (D:5)
  A quokka skeleton (D:6)
  9 rats
  A river rat simulacrum (Lair:6)
  A butterfly (Lair:5)
  4 fungi
  27 plants
748 creatures vanquished.

Vanquished Creatures (others)
  A slave (D:9)
  8 fungi
  9 plants
18 creatures vanquished.

Grand Total: 766 creatures vanquished

Notes
Turn   | Place    | Note
-------+----------+-------------------------------------------
     0 | D:1      | Gorglomux the Minotaur Fighter began the quest for the Orb.
     0 | D:1      | Reached XP level 1. HP: 19/19 MP: 0/0
    55 | D:1      | Upgraded the game from 0.21-a0-84-g85d6d27 to 0.21-a0-85-ga0cb861
   293 | D:1      | Reached XP level 2. HP: 26/27 MP: 1/1
   319 | D:1      | Reached skill level 3 in Axes
   940 | D:1      | Reached XP level 3. HP: 34/34 MP: 2/2
  1187 | D:2      | Noticed Jessica
  1195 | D:2      | Killed Jessica
  1198 | D:2      | Noticed Sigmund
  1215 | D:2      | Killed Sigmund
  1215 | D:2      | Reached skill level 6 in Fighting
  1215 | D:2      | Reached skill level 5 in Axes
  1215 | D:2      | Reached XP level 4. HP: 29/44 MP: 3/3
  1215 | D:2      | Reached XP level 5. HP: 34/50 MP: 4/4
  1559 | D:2      | Found a snail-covered altar of Cheibriados.
  1815 | D:3      | Reached XP level 6. HP: 58/58 MP: 5/5
  2348 | D:3      | Reached skill level 6 in Axes
  2732 | D:4      | You fall through a shaft for 2 floors!
  2774 | D:5      | Entered Level 5 of the Dungeon
  2774 | D:5      | Noticed an ice beast
  2795 | D:5      | Found an opulent altar of Gozag.
  2800 | D:5      | Became a worshipper of Gozag Ym Sagoz the Greedy
  2881 | D:5      | Reached XP level 7. HP: 59/66 MP: 6/6
  3004 | D:4      | Noticed a moth of wrath
  3050 | D:4      | Got faintly humming quicksilver dragon scales
  3061 | D:4      | Identified the cursed quicksilver dragon scales of Beogh's Envy {+Inv rElec MR+ Str-2 Dex+2} (You found it on level 4 of the Dungeon)
  3267 | D:4      | Found a bloodstained altar of Trog.
  3309 | D:4      | Reached skill level 7 in Axes
  3457 | D:4      | Got a jewelled dagger
  3458 | D:4      | Identified the +2 dagger of Anger {pierce, Dex+2} (You found it on level 4 of the Dungeon)
  3665 | D:5      | Found Wiluykuc's Weapon Shop.
  3670 | D:5      | Bought a +2 war axe of electrocution for 227 gold pieces
  4083 | D:5      | Reached XP level 8. HP: 77/77 MP: 7/7
  4095 | D:5      | Reached skill level 9 in Fighting
  4095 | D:5      | Reached skill level 8 in Axes
  4168 | D:5      | Noticed Grinder
  4172 | D:5      | Killed Grinder
  4403 | D:5      | Reached skill level 9 in Axes
  4502 | D:6      | Noticed Menkaure
  4511 | D:6      | Killed Menkaure
  4774 | D:6      | Found a burning altar of Makhleb.
  5217 | D:7      | Reached skill level 10 in Axes
  5217 | D:7      | Reached XP level 9. HP: 83/86 MP: 8/8
  5567 | D:7      | Found a sparkling altar of Nemelex Xobeh.
  5593 | D:7      | Reached skill level 11 in Axes
  5712 | D:7      | Reached skill level 12 in Fighting
  6286 | D:7      | Reached skill level 12 in Axes
  6369 | D:7      | Reached XP level 10. HP: 90/99 MP: 9/9
  6699 | D:7      | Found a staircase to the Ecumenical Temple.
  6971 | D:8      | Found a huge runed gate.
  6971 | D:8      | Found a huge runed gate.
  6971 | D:8      | Found a huge runed gate.
  6972 | D:8      | Found a huge runed gate.
  6973 | D:8      | Noticed a manticore
  7229 | D:8      | Noticed melvinkitnick's ghost (novice HOFi)
  7287 | D:8      | Killed melvinkitnick's ghost
  7287 | D:8      | Reached skill level 13 in Axes
  7619 | D:8      | Found a bloodstained altar of Trog.
  7619 | D:8      | Found an iron altar of Okawaru.
  7621 | D:8      | Found a shimmering altar of Xom.
  7836 | D:8      | Found a shattered altar of Ashenzari.
  7967 | D:8      | Killed a manticore
  7967 | D:8      | Reached XP level 11. HP: 79/110 MP: 10/10
  7967 | D:8      | Reached skill level 14 in Axes
  8208 | D:9      | Noticed a two-headed ogre
  8496 | D:9      | Noticed a two-headed ogre
  8509 | D:9      | Killed a two-headed ogre
  8683 | D:9      | Killed a two-headed ogre
  8916 | D:9      | Noticed Pikel
  8924 | D:9      | Killed Pikel
  8924 | D:9      | Reached skill level 15 in Fighting
  9093 | D:9      | Found a staircase to the Orcish Mines.
  9141 | D:9      | Reached skill level 15 in Axes
  9635 | D:10     | Entered Level 10 of the Dungeon
  9865 | D:10     | Noticed Nergalle
  9873 | D:10     | Noticed Josephine
  9893 | D:10     | Killed Nergalle
 10242 | D:10     | Noticed a two-headed ogre
 10251 | D:10     | Killed a two-headed ogre
 10251 | D:10     | Reached XP level 12. HP: 112/121 MP: 11/11
 10303 | D:10     | Reached skill level 6 in Armour
 10331 | D:10     | Noticed Grum
 10340 | D:10     | Killed Grum
 10376 | D:10     | Killed Josephine
 10376 | D:10     | Reached skill level 6 in Shields
 11122 | D:11     | Found Vepebb's Antique Armour Shop.
 11127 | D:11     | Bought a brightly glowing chain mail for 304 gold pieces
 11137 | D:11     | Identified the cursed +1 chain mail of Polish {rF+ MP+9} (You bought it in a shop on level 11 of the Dungeon)
 11231 | D:11     | Found a labyrinth entrance.
 11236 | Lab      | Entered a labyrinth
 11401 | Lab      | Noticed a minotaur
 11408 | Lab      | Killed a minotaur
 11408 | Lab      | Reached skill level 16 in Axes
 11412 | Lab      | Got a coiled silver ring
 11417 | Lab      | Identified the ring "Xoliedoh" {Ice rPois} (You found it in a labyrinth)
 11609 | D:11     | Found a staircase to the Lair.
 11731 | D:11     | Noticed a two-headed ogre
 11736 | D:11     | Noticed Urug
 11737 | D:11     | Killed a two-headed ogre
 11746 | D:11     | Killed Urug
 11981 | D:11     | Noticed a four-headed hydra
 12009 | D:11     | Killed a four-headed hydra
 12221 | D:11     | Noticed Erica
 12232 | D:11     | Killed Erica
 13039 | Lair:1   | Entered Level 1 of the Lair of Beasts
 13058 | Lair:1   | Reached skill level 9 in Armour
 13095 | D:11     | Bought a golden potion for 22 gold pieces
 13095 | D:11     | Bought a fuming ruby potion for 22 gold pieces
 13095 | D:11     | Bought a potion of might for 100 gold pieces
 13409 | Lair:1   | Reached skill level 9 in Shields
 13415 | Lair:1   | Identified a scroll of acquirement
 13756 | Lair:1   | Reached XP level 13. HP: 127/127 MP: 12/12
 14350 | Lair:2   | Found a staircase to the Swamp.
 14380 | Lair:2   | Reached skill level 17 in Axes
 16363 | Lair:4   | Found a staircase to the Snake Pit.
 16936 | Lair:4   | Noticed Harold
 16948 | Lair:4   | Killed Harold
 17486 | Lair:5   | Reached XP level 14. HP: 130/135 MP: 13/13
 17505 | Lair:5   | Reached skill level 18 in Axes
 17516 | Lair:5   | Reached skill level 12 in Armour
 18261 | Lair:6   | Entered Level 6 of the Lair of Beasts
 18309 | Lair:6   | Reached skill level 12 in Shields
 18342 | Lair:6   | Paralysed by a hornet for 3 turns
 20271 | Lair:6   | Found a staircase to the Slime Pits.
 20549 | D:11     | Bought the amulet "Pistraes" {Gourm rPois Dex-2 Slay+2} for 817 gold pieces
 21126 | D:12     | Noticed Snorg
 21134 | D:12     | Killed Snorg
 21519 | D:13     | Reached XP level 15. HP: 143/143 MP: 14/14
 21788 | D:13     | Found a flagged portal.
 21807 | Bailey   | Entered a bailey
 22239 | D:13     | Found a gate to the Vaults.
 22360 | D:14     | Found Qyamnoemig's Gadget Shoppe.
 22367 | D:14     | Cast into level 2 of the Abyss (meliai)
 22438 | Abyss:2  | Found a corrupted altar of Lugonu.
 22468 | Abyss:2  | Noticed a daeva
 22476 | Abyss:2  | Noticed a daeva
 22478 | Abyss:2  | HP: 6/144 [daeva/divine providence (14)]
 22482 | Abyss:2  | Killed from afar by a daeva

Vault maps used:
D:1:      lightli_arrival_flooded_house, minmay_misc_feat_columns,
          grunt_decor_cap
D:2:      marbit_many_paths, first_bread, uniq_jessica, uniq_sigmund
D:3:      minmay_door_square, minmay_misc_feat_x
D:4:      roderic_roman_lattice, tgw_trog
D:5:      serial_shops, shop, nicolae_gozag_cash_rules_everything_around_me,
          uniq_grinder
D:6:      basic_altar, uniq_menkaure
D:7:      nemelex_xobeh_ov_fountains_minmay,
          minmay_temple_entry_statues_pillars, grunt_livestock
D:8:      lemuel_bear_cage, lemuel_coloured_pillars_altar,
          gammafunk_temple_overflow_claw
D:9:      kennysheep_orc_monster_closet_entryway, uniq_pikel
D:10:     lightli_fourway_metalbox, uniq_nergalle, uniq_grum, uniq_josephine
D:11:     david_lair_generic, lab_entry_generic, serial_shops,
          nicolae_shop_trees, evilmike_butchery, uniq_erica, uniq_urug
D:12:     uniq_snorg
D:13:     david_vaults_5, enter_bailey_2, special_room
D:14:     minmay_swirls_squares, eino_curves_01, serial_shops,
          kennysheep_little_box
Lair:1:   beast_lair_carwin_9
Lair:2:   minmay_swamp_entry_swarm, serial_forest,
          infiniplex_forest_lined_room_2, infiniplex_forest_end_2,
          infiniplex_forest_clump_medium, infiniplex_forest_end_1,
          beast_lair_carwin_11
Lair:3:   wad_woods_river_01, lemuel_fruit_fields, lemuel_fruit_fields
Lair:4:   guppyfry_snake_entry_island, infiniplex_staircase_pool_2, uniq_harold
Lair:5:   lemuel_fruit_fields, lemuel_fruit_tree, grunt_megastairs_3,
          infiniplex_staircase_pool
Lair:6:   hangedman_lair_caniforms_friends, hangedman_lair_tendril_chambers,
          dpeg_slime_entry_corner, minivault_23, eino_house_with_fridge,
          serial_bayou_shore_b
Abyss:2:  evilmike_abyss_exit_4, hangedman_classic_abyss_death
Lab:      labyrinth_hidden_loot, nicolae_lab_lava
Bailey:   bailey_axe_4, bailey

Skill      XL: |  1  2  3  4  5  6  7  8  9 10 11 12 13 14 15 |
---------------+----------------------------------------------+-----
Fighting       | 4 6 7 8 10 12 14 15 16 | 16.2
Axes           | 3 5 6 7 10 12 13 15 16 17 18 | 18.8
Armour         | 5 9 11 13 14 | 14.2
Shields        | 5 9 11 13 14 | 14.2

Action                   |  1- 3 |  4- 6 |  7- 9 | 10-12 | 13-15 || total
-------------------------+-------+-------+-------+-------+-------++-------
Melee: War axe           |    73 |   141 |   194 |   532 |   158 ||  1098
       Headbutt          |    12 |    25 |    41 |   125 |   177 ||   380
       Flail             |       |       |       |     7 |       ||     7
       Broad axe         |       |       |       |       |   727 ||   727
Throw: Tomahawk          |       |     1 |     5 |       |       ||     6
Invok: Call Merchant     |       |       |       |     2 |     2 ||     4
       Potion Petition   |       |       |       |       |     1 ||     1
Evoke: Wand              |       |       |     2 |    10 |     3 ||    15
  Use: Potion            |     1 |       |       |     1 |     3 ||     5
       Scroll            |       |       |     6 |    14 |    16 ||    36
 Stab: Distracted        |       |       |     2 |     3 |     6 ||    11
  Eat: Chunk             |     1 |     6 |       |     1 |       ||     8
       Bread ration      |       |       |     2 |     2 |     1 ||     5
       Royal jelly       |       |       |     4 |     4 |       ||     8
       Fruit             |       |       |       |     6 |    24 ||    30
Armor: Scale mail        |    17 |    52 |     1 |       |       ||    70
       Quicksilver drago |       |       |    55 |   227 |   296 ||   578
Dodge: Dodged            |    20 |    31 |    33 |   139 |   212 ||   435
Block: Shield            |    31 |    58 |    66 |   260 |   317 ||   732
       Large shield      |       |       |       |       |   252 ||   252
